 Dungeon Crawl Stone Soup version 0.21.0-3-g78d12a8 (webtiles) character file.

480 Sayani the Chopper (level 6, 0/56 HPs)
             Began as a Minotaur Chaos Knight on Jan 13, 2018.
             Slain by a centaur (8 damage)
             ... on level 5 of the Dungeon.
             The game lasted 00:08:23 (3252 turns).

Sayani the Chopper (Minotaur Chaos Knight)          Turns: 3252, Time: 00:08:24

Health: 0/56       AC:  8    Str: 20    XL:     6   Next: 86%
Magic:  5/5        EV: 10    Int:  9    God:    Xom [.....*]
Gold:   216        SH:  0    Dex: 10    Spells: 5/5 levels left

rFire    . . .     SeeInvis .   a - +0 hand axe (chaos)
rCold    . . .     Gourm    .   (no shield)
rNeg     . . .     Faith    .   m - +0 scale mail
rPois    .         Spirit   .   (helmet restricted)
rElec    .         Reflect  .   r - +0 cloak
rCorr    .         Harm     .   (no gloves)
MR       .....                  (no boots)
Stlth    +.........             (no amulet)
HPRegen  0.18/turn              d - +2 ring of strength
MPRegen  0.09/turn              u - ring of stealth

@: no status effects
A: retaliatory headbutt, horns 2
a: Renounce Religion


You were on level 5 of the Dungeon.
You worshipped Xom.
You were Xom's teddy bear.
You were not hungry.

You visited 1 branch of the dungeon, and saw 5 of its levels.

You collected 216 gold pieces.

Inventory:

Hand Weapons
 a - a +0 hand axe of chaos (weapon)
Armour
 m - a +0 scale mail (worn)
 r - a +0 cloak (worn)
 s - a +0 pair of gloves
Jewellery
 d - a +2 ring of strength (left hand)
 i - an uncursed ring of positive energy
 u - a ring of stealth (right hand)
Scrolls
 b - 4 scrolls of identify
 e - 3 scrolls of teleportation {unknown}
 h - 3 scrolls of enchant weapon {unknown}
 k - a scroll of amnesia {unknown}
 n - a scroll of blinking {unknown}
 o - 2 scrolls of fog {unknown}
 p - 2 scrolls of remove curse
 v - a scroll of fear {unknown}
Potions
 f - a potion of mutation {unknown}
 g - a potion of curing {unknown}
 j - 2 potions of haste
 l - 2 potions of flight {unknown}
 q - a potion of heal wounds {unknown}
 w - 2 potions of lignification {unknown}
 x - a potion of degeneration {unknown}
Books
 t - a book of Misfortune

   Spells                             Type                      Level
   a - Confusing Touch                Hexes                        1
   b - Confuse                        Hexes                        3
   c - Gell's Gravitas                Translocation                3
   d - Petrify                        Transmutation/Earth          4
   e - Metabolic Englaciation         Hexes/Ice                    5
   f - Yara's Violent Unravelling     Hexes/Transmutation          5
Comestibles
 c - 8 rations


   Skills:
 + Level 5.3 Fighting
 + Level 7.5 Axes
 + Level 4.6 Armour
 - Level 1.1 Dodging


You had 5 spell levels left.
You didn't know any spells.

Dungeon Overview and Level Annotations

Branches:
Dungeon (5/15)
 Temple: D:4-7

Altars:


Innate Abilities, Weirdness & Mutations

You reflexively headbutt those who attack you in melee.
You have a pair of horns on your head.


Message History

You hear something call down the wrath of Beogh upon you.
Pain shoots through your body!
* * * LOW HITPOINT WARNING * * *
Something hits you but does no damage.
Unknown command.
You miss something. You hit something.
Nothing appears to happen.
Something hits you but does no damage.
You hear something invoke the aid of Beogh against you.
Pain shoots through your body!
* * * LOW HITPOINT WARNING * * *
Something hits you but does no damage.
Unknown command.
You slash something!
Reactivating autopickup.
You feel a bit more experienced.
You miss something. Something hits you but does no damage.
Deactivating autopickup; reactivate with Ctrl-A.
Something hits you!
You die... "Boring in life, boring in death..."

# ##. ... #.#
#.# #.#
######(# .
#.##.((####....
#....##@).....#
#.#####.{.....#
##.# #.......#
##..##
........#
#....##
..##.....
#.....#..##
..... #..<....#
...# ##.......#
..##
#.#...[#...


There were no monsters in sight!

Vanquished Creatures
  A centaur (D:5)
  Crazy Yiuf (D:3)
  An orc priest (D:5)
  A hound (D:4)
  5 orc wizards
  Terence (D:2)
  2 worker ants (D:4)
  3 adders
  A worm (D:2)
  2 leopard geckos (D:2)
  9 orcs
  7 bats
  3 giant cockroaches
  7 goblins
  2 hobgoblins
  6 jackals
  2 quokkas
  A ball python (D:1)
  A frilled lizard (D:4)
  11 kobolds
  10 rats
77 creatures vanquished.

Notes
Turn   | Place    | Note
-------+----------+-------------------------------------------
     0 | D:1      | Sayani the Minotaur Chaos Knight began the quest for the Orb.
     0 | D:1      | Reached XP level 1. HP: 19/19 MP: 0/0
   166 | D:1      | Reached skill level 4 in Axes
   199 | D:2      | XOM: silly message
   205 | D:2      | Reached XP level 2. HP: 19/26 MP: 1/1
   423 | D:2      | Reached skill level 5 in Axes
   523 | D:2      | Noticed Terence
   537 | D:2      | Killed Terence
   537 | D:2      | Reached XP level 3. HP: 13/31 MP: 2/2
   710 | D:2      | XOM: cloud trail
  1032 | D:2      | XOM: divination: detect creatures
  1082 | D:2      | XOM: mild Air miscast
  1185 | D:3      | XOM: harmless Chrm miscast
  1213 | D:3      | Reached XP level 4. HP: 35/39 MP: 3/3
  1213 | D:3      | Reached skill level 6 in Axes
  1320 | D:3      | XOM: divination: magic mapping
  1338 | D:3      | XOM: harmless Tmut miscast
  1400 | D:3      | XOM: scenery: 1 doors close
  1541 | D:3      | Found a runed door.
  1545 | D:3      | Noticed Crazy Yiuf
  1551 | D:3      | Killed Crazy Yiuf
  1629 | D:3      | XOM: butterfly on damage
  2184 | D:1      | Reached XP level 5. HP: 43/46 MP: 4/4
  2352 | D:1      | XOM: scenery: 1 doors close
  2405 | D:4      | XOM: stealth player
  2672 | D:4      | XOM: cloud trail
  2732 | D:4      | Reached skill level 7 in Axes
  2732 | D:4      | Reached XP level 6. HP: 52/53 MP: 5/5
  2964 | D:4      | XOM: god gift: ring mail {god gift}
  3228 | D:5      | Entered Level 5 of the Dungeon
  3241 | D:5      | Reached skill level 5 in Fighting
  3252 | D:5      | Slain by a centaur

Skill      XL: |  1  2  3  4  5  6 |
---------------+-------------------+-----
Axes           | 4 5 6 7 |  7.5
Fighting       | 4 5 |  5.3
Armour         | 3 4 |  4.6
Dodging        | |  1.1

Action                   |  1- 3 |  4- 6 || total
-------------------------+-------+-------++-------
Melee: Hand axe          |    63 |   114 ||   177
       Headbutt          |    14 |    15 ||    29
  Use: Scroll            |       |     2 ||     2
 Stab: Petrifying        |     2 |       ||     2
       Petrified         |     2 |       ||     2
  Eat: Chunk             |     1 |     4 ||     5
       Ration            |       |     1 ||     1
Armor: Leather armour    |    15 |       ||    15
       Scale mail        |    10 |    53 ||    63
Dodge: Dodged            |    34 |    53 ||    87
